AoeStats
← YO HOKAGE

Arabia

510683452Analyzed
2v2 RM · 4h ago on Oct 2, 2026· 53m 6s· 4 players
Game mode
Random Map
Map size
Medium (4 player)
Population
200
Speed
Normal
Resources
Standard
Victory
Conquest
Starting age
Dark Age
Ending age
Imperial Age
RankedLock teamsTeams togetherTeam positionsShared explorationLock speedFull tech treeHidden civsTurbo modeCheats
Victory
Defeat
🇵🇪 Italians · Peru
1331
+12
🇵🇪 Hindustanis · Peru
1330
+12
🇨🇳 Byzantines · China
1278
-13
🇨🇳 Mongols · China
1220
-11
YO HOKAGE
7:33 Loom
9:46 Feudal Age
10:19 Double-Bit Axe
16:47 Forging
17:11 Horse Collar
21:59 Castle Age
20:24 Gold Mining
21:19 Stone Mining
22:17 Scale Barding Armor
22:48 Bloodlines
31:11 Chain Barding Armor
34:36 Fletching
41:50 Imperial Age
39:34 Bodkin Arrow
39:40 Padded Archer Armor
41:09 Wheelbarrow
40:19 Town Watch
42:03 Leather Archer Armor
42:47 Bracer
43:18 Ring Archer Armor
43:04 Squires
42:50 Arson
43:08 Scale Mail Armor
43:44 Iron Casting
44:00 Elite Genoese Crossbowman
45:23 Conscription
45:41 Bow Saw
47:28 Chemistry
48:14 Blast Furnace
47:30 Chain Mail Armor
47:38 Ballistics
48:39 Hand Cart
49:15 Stone Shaft Mining
48:13 Light Cavalry
48:54 Husbandry
51:58 Hussar
FC_FINE02
6:24 Loom
8:47 Feudal Age
9:58 Double-Bit Axe
9:55 Horse Collar
20:38 Castle Age
19:20 Forging
20:00 Scale Barding Armor
20:50 Bloodlines
25:41 Wheelbarrow
26:32 Heavy Plow
31:07 Bow Saw
35:02 Imperial Age
33:26 Hand Cart
33:37 Squires
33:23 Arson
35:00 Iron Casting
34:29 Scale Mail Armor
34:33 Gold Mining
34:34 Stone Mining
35:50 Chain Barding Armor
38:15 Town Watch
39:33 Blast Furnace
38:25 Heavy Camel Rider
40:50 Husbandry
41:24 Chain Mail Armor
45:08 Imperial Camel Rider
x2835445976
6:06 Loom
8:35 Feudal Age
9:02 Double-Bit Axe
20:03 Fletching
21:20 Gold Mining
21:20 Stone Mining
25:42 Castle Age
24:10 Horse Collar
25:04 Padded Archer Armor
25:17 Bloodlines
24:58 Town Watch
25:58 Wheelbarrow
26:44 Bow Saw
26:46 Heavy Plow
33:38 Husbandry
35:25 Ballistics
35:08 Bodkin Arrow
35:29 Leather Archer Armor
36:46 Murder Holes
50:01 Imperial Age
54:26 Imperial Age
vzjkfsa
6:47 Loom
8:54 Feudal Age
9:30 Double-Bit Axe
18:55 Fletching
19:05 Padded Archer Armor
19:24 Horse Collar
22:14 Castle Age
20:14 Gold Mining
23:00 Wheelbarrow
22:17 Elite Skirmisher
22:25 Pikeman
23:30 Bow Saw
24:43 Forging
24:33 Scale Mail Armor
25:01 Squires
27:26 Chain Mail Armor
30:35 Iron Casting
30:36 Arson
34:34 Scale Barding Armor
34:43 Husbandry
37:54 Chain Barding Armor
43:18 Imperial Age
41:04 Hand Cart
45:24 Two-Man Saw
45:11 Plate Barding Armor
44:04 Heavy Camel Rider
46:24 Light Cavalry
47:50 Hussar
49:05 Heavy Plow
48:59 Stone Mining
52:32 Conscription
53:04 Thumb Ring
53:25 Ballistics
54:06 Chemistry
Connection lost

Rejoining the realm…

Still unreachable

The connection could not be restored.

Session expired

The server has moved on; the page needs a fresh start.